 Dungeon Crawl Stone Soup version 0.22.1-1-ga44c0e56f4 (webtiles) character file.

72 Jynx the Changer (level 4, -1/28 HPs)
             Began as an Octopode Transmuter on Oct 25, 2018.
             Killed by nerve-wracking pain
             ... invoked by an orc priest
              (9 damage)
             ... on level 3 of the Dungeon.
             The game lasted 00:04:12 (2304 turns).

Jynx the Changer (Octopode Transmuter)              Turns: 2304, Time: 00:04:14

Health: -1/28      AC:  2    Str:  9    XL:     4   Next: 26%
Magic:  2/7        EV: 20    Int: 15    God:
Gold:   108        SH:  0    Dex: 18    Spells: 2/8 levels left

rFire    . . .     SeeInvis .     - Unarmed
rCold    . . .     Gourm    .   (shield currently unavailable)
rNeg     . . .     Faith    .   (helmet currently unavailable)
rPois    x         Spirit   .   (no amulet)
rElec    .         Reflect  .   (no ring)
rCorr    .         Harm     .   (no ring)
MR       .....                  (no ring)
Stlth    ++........             (no ring)
HPRegen  0.09/turn              (no ring)
MPRegen  0.10/turn              (no ring)
                                (no ring)
                                (no ring)

@: spider-form
A: tiny, almost no armour, stealthy swim, (amphibious), 8 rings, (constrict 8)
a: End Transformation


You were on level 3 of the Dungeon.
You were not hungry.
You were a venomous arachnid creature.
You visited 1 branch of the dungeon, and saw 3 of its levels.

You collected 108 gold pieces.

Inventory:

Missiles
 a - 62 arrows
Scrolls
 b - a scroll of immolation {unknown}
 d - 2 scrolls of blinking {unknown}
 e - a scroll of enchant weapon {unknown}
 g - 2 scrolls of remove curse {unknown}
 h - a scroll of identify {unknown}
Comestibles
 c - 6 rations
 f - 9 chunks of flesh


   Skills:
 - Level 1.0 Fighting
 + Level 2.7 Dodging
 - Level 3.0 Unarmed Combat
 + Level 2.5 Spellcasting
 * Level 3.4 Transmutations


You had 2 spell levels left.
You knew the following spells:

 Your Spells              Type           Power        Failure   Level  Hunger
a - Beastly Appendage     Tmut           ##....       16%         1    #......
b - Sticks to Snakes      Tmut           ##......     21%         2    ###....
c - Spider Form           Tmut/Pois      #.........   52%         3    ###....

Your spell library contained the following spells:

 Spells                   Type           Power        Failure   Level  Hunger
 Ice Form                 Ice/Tmut       #.......     87%         4    #####..
 Blade Hands              Tmut           ##........   93%         5    ######.


Dungeon Overview and Level Annotations

Branches:
Dungeon (3/15)

Altars:


Innate Abilities, Weirdness & Mutations

You cannot wear most types of armour.
You are very stealthy in the water. (Stealth+)
((You are amphibious.))
You can wear up to eight rings at the same time.
((You can use your tentacles to constrict eight enemies at once.))
((Your skin changes colour to match your surroundings (Stealth+).))
((Your rubbery body absorbs attacks. (AC +1, EV +1)))


Message History

You are too injured to fight recklessly!
You are too injured to fight recklessly!
You are too injured to fight recklessly!
Your transformation has ended.
The orc priest hits you with a hand axe of freezing.
The orc priest freezes you.
* * * LOW HITPOINT WARNING * * *
You tentacle-slap the orc priest but do no damage.
You grab the orc priest. You squeeze the orc priest.
The orc priest is lightly wounded.
You constrict the orc priest.
The orc priest mumbles some strange prayers to Beogh against you.
You barely resist.
Casting: Spider Form (safe; 30% risk of failure)
Confirm with . or Enter, or press ? or * to list all spells.
You turn into a venomous arachnid creature.
You lose your grip on the orc priest.
The orc priest mumbles some strange prayers to Beogh against you.
Pain shoots through your body!
You die...

#............##.#.###
####.####..###.##.#
#...# #)#.#.###.#
#...# #.##.## #.#
###.#.####.#### #.#
#.#####...#..)#...###
#..
#.......#####))......
...
..........#...#....##
#..
..#####†#.#s####.#.#
#....o.###....#
#.#...###.# #.##
#.....# #.# #..#
####..###.###..#
#......%....#
##.#####o...# #.#
#....##### #.#
#..........


You could see an orc priest.

Vanquished Creatures
  2 worms (D:2)
  2 dart slugs (D:1)
  A leopard gecko (D:2)
  6 orcs
  3 giant cockroaches
  7 goblins
  7 hobgoblins
  4 jackals (D:2)
  5 kobolds
  A quokka (D:3)
  A ball python (D:1)
  6 bats
  4 frilled lizards
  A quokka zombie (D:2)
  4 rats
54 creatures vanquished.

Notes
Turn   | Place    | Note
-------+----------+-------------------------------------------
     0 | D:1      | Jynx the Octopode Transmuter began the quest for the Orb.
     0 | D:1      | Reached XP level 1. HP: 13/13 MP: 3/3
   115 | D:1      | Reached XP level 2. HP: 13/18 MP: 5/5
   663 | D:2      | Reached XP level 3. HP: 23/23 MP: 6/6
  1058 | D:2      | Learned a level 2 spell: Sticks to Snakes
  1062 | D:2      | Learned a level 3 spell: Spider Form
  2208 | D:3      | Reached XP level 4. HP: 25/28 MP: 5/7
  2304 | D:3      | Killed from afar by an orc priest

Skill      XL: |  1  2  3 |
---------------+----------+-----
Transmutations | 3 |  3.4
Fighting       | |  1.0
Dodging        | |  2.7
Unarmed Combat | |  3.0
Spellcasting   | |  2.5

Action                   |  1- 3 |  4- 6 || total
-------------------------+-------+-------++-------
Melee: Unarmed           |    97 |    26 ||   123
       Constrict         |    34 |     4 ||    38
       Tentacles         |    19 |     1 ||    20
       Kick              |    26 |       ||    26
       Punch             |     4 |       ||     4
 Cast: Beastly Appendage |    28 |     2 ||    30
       Spider Form       |       |     2 ||     2
 Stab: Sleeping          |     3 |     1 ||     4
  Eat: Chunk             |     4 |     1 ||     5
Armor: Skin              |    14 |     3 ||    17
Dodge: Dodged            |    85 |    22 ||   107
